 Dungeon Crawl Stone Soup version 0.29.1-12-g30fa7ad0bf (webtiles) character file.

Game seed: 10815416063617119256

88 thatblackman the Grave Robber (level 4, -11/21 HPs)
             Began as a Vampire Necromancer on Dec 27, 2022.
             Killed by divine providence
             ... invoked by an orc priest
              (14 damage)
             ... on level 4 of the Dungeon.
             The game lasted 00:27:08 (1655 turns).

thatblackman the Grave Robber (Vampire Necromancer) Turns: 1655, Time: 00:27:08

Health: -11/21     AC:  7    Str:  5 (7)  XL:     4   Next: 29%
Magic:  4/8        EV: 11    Int: 17 (19) God:
Gold:   93         SH:  0    Dex: 12 (14) Spells: 0/8 levels left

rFire   . . .      SeeInvis +   i - +0 spear
rCold   + + .      Faith    .   (no shield)
rNeg    + + +      Spirit   .   k - +0 leather armour
rPois   ∞          Reflect  .   (no helmet)
rElec   .          Harm     .   (no cloak)
rCorr   .          Rampage  .   (no gloves)
Will    .....                   (no boots)
Stlth   ++++......              (no amulet)
HPRegen 0.00/turn               h - +4 ring of protection
MPRegen 0.11/turn               (no ring)

@: about to teleport, bloodless, inhibited regen
A: bloodless, fangs 3, see invisible, vampiric 2, [frail 1]
a: Bat Form, Revivify


You were on level 4 of the Dungeon.
You visited 1 branch of the dungeon, and saw 4 of its levels.

You collected 93 gold pieces.

Inventory:

Hand Weapons
 d - a +0 dagger {joe mama}
 f - a +0 hand axe
 i - a +0 spear (weapon)
Missiles
 c - 18 stones (quivered)
 o - 6 javelins
Armour
 k - a +0 leather armour (worn)
Jewellery
 h - a +4 ring of protection (left hand)
Scrolls
 e - 3 scrolls of identify {unknown}
 g - a scroll of brand weapon {unknown}
 l - a scroll of enchant weapon {unknown}
 m - 2 scrolls of immolation {unknown}
 p - a scroll of vulnerability {unknown}
Potions
 a - a potion of heal wounds {unknown}
 b - a potion of magic
 j - 3 potions of curing {unknown}


   Skills:
 + Level 0.5 Fighting
 + Level 0.7 Short Blades
 + Level 0.3 Polearms
 + Level 2.6 Dodging
 + Level 3.4 Stealth
 + Level 2.8 Spellcasting
 + Level 5.1 Necromancy


You couldn't memorise any spells.
You knew the following spells:

 Your Spells              Type           Power      Damage    Failure   Level
a - Necrotise             Necr           80%        1d8       3%          1
b - Vampiric Draining     Necr           20%        2d7       11%         3
c - Animate Dead          Necr           20%        N/A       34%         4

Your spell library contained the following spells:

 Spells                   Type           Power      Damage    Failure   Level
 Agony                    Necr           20%        N/A       69%         5


Dungeon Overview and Level Annotations

Branches:
Dungeon (4/15)             Temple (0/1) D:4

Altars:


Innate Abilities, Weirdness & Mutations

You do not regenerate when monsters are visible.
You are frail without blood (-20% HP).
You can heal yourself when you bite living creatures.
You are immune to poison.
You have razor-sharp teeth.
You have supernaturally acute eyesight. (SInv)
You are afflicted with vampirism and can become a bat while bloodless.
[You are frail. (-10% HP)]


Message History

Casting: Necrotise (safe; 3% risk of failure)
Confirm with . or Enter, or press ? or * to list all spells.
Aiming: Necrotise (safe; 3% risk of failure)
Press: ? - help, Shift-Dir - straight line, f - orc priest
Aim: an orc priest, wielding a +0 dagger (chance to affect: 78%)
The orc priest writhes in agony.
Casting: Necrotise (safe; 3% risk of failure)
Confirm with . or Enter, or press ? or * to list all spells.
Aiming: Necrotise (safe; 3% risk of failure)
Press: ? - help, Shift-Dir - straight line, f/p - orc priest
Aim: an orc priest, wielding a +0 dagger (lightly wounded, chance to affect: 78%)
The orc priest writhes in agony.
The orc priest misses you.
The orc wizard gestures at you while chanting.
The puff of flame hits you!
Casting: Necrotise (safe; 3% risk of failure)
Confirm with . or Enter, or press ? or * to list all spells.
Aiming: Necrotise (safe; 3% risk of failure)
Press: ? - help, Shift-Dir - straight line, f/p - orc priest
Aim: an orc priest, wielding a +0 dagger (moderately wounded, chance to affect: 78%)
The orc priest writhes in agony.
The orc priest hits you but does no damage.
The orc wizard casts a spell.
The orc wizard flickers and vanishes for a moment.
Casting: Necrotise (safe; 3% risk of failure)
Confirm with . or Enter, or press ? or * to list all spells.
Aiming: Necrotise (safe; 3% risk of failure)
Press: ? - help, Shift-Dir - straight line, f/p - orc priest
Aim: an orc priest, wielding a +0 dagger (severely wounded, chance to affect: 78%)
The orc priest barely resists.
The orc priest hits you with a +0 dagger.
The orc wizard gestures at you while chanting.
The puff of flame hits you.
* * * LOW HITPOINT WARNING * * *
The orc priest misses you.
As you read the scroll of teleportation, it crumbles to dust.
You feel strangely unstable.
The orc priest calls down the wrath of Beogh upon you.
Beogh smites you!
Ouch! That really hurt!
You die...

..........# ..
.......##.##.#
.#####.......#
.......##.#### ##### ##
.#####.......# #...# ..
.# #.##.##.###...### .
.# #.##.##.#.......# .#
##
#.##.......)....##.####
#
#.#####.#..@..o.......#
# #.# #.###.o.##.#.##.#
....##.......#
#...##.#.#
#...##########
##...o...# ##.##
#######o### # .#
..ooo...####.# # .
##.o.##......# # #
##...##.#.#### #
........#.#


You could see an orc priest, an orc wizard (invisible) and 2 orcs.

Vanquished Creatures
  Jessica (D:2)
  2 adders (D:3)
  2 dart slugs
  An orc (D:3)
  4 endoplasms
  3 giant cockroaches
  3 goblins
  A hobgoblin (D:3)
  7 jackals
  A quokka (D:2)
  A ball python (D:1)
  2 bats
  4 frilled lizards
  A kobold (D:1)
  A rat (D:1)
34 creatures vanquished.

Vanquished Creatures (collateral kills)
  A ball python (D:1)
  A bat (D:3)
2 creatures vanquished.

Vanquished Creatures (others)
  A plant (D:1)
1 creature vanquished.

Grand Total: 37 creatures vanquished

Notes
Turn   | Place    | Note
-------+----------+-------------------------------------------
     0 | D:1      | thatblackman the Vampire Necromancer began the quest for
                  | the Orb.
     0 | D:1      | Reached XP level 1. HP: 13/13 MP: 3/3
   167 | D:1      | Reached XP level 2. HP: 6/19 MP: 1/5
   721 | D:2      | Gained mutation: You are afflicted with vampirism and can
                  | become a bat while bloodless. [Vampire growth]
   721 | D:2      | Reached XP level 3. HP: 7/19 MP: 6/6
   735 | D:2      | Learned a level 3 spell: Vampiric Draining
   806 | D:2      | Noticed Jessica
   817 | D:2      | Killed Jessica
   818 | D:2      | Reached skill level 5 in Necromancy
   942 | D:3      | Reached XP level 4. HP: 23/24 MP: 1/7
  1119 | D:3      | Learned a level 4 spell: Animate Dead
  1636 | D:4      | Found a staircase to the Ecumenical Temple.
  1655 | D:4      | Killed from afar by an orc priest

Illustrated notes

Levels and vault maps discovered:
D:1:      dpeg_arrival_round_a, layout_loops_cross, serial_forest,
          infiniplex_forest_straight_2, infiniplex_forest_end_1,
          infiniplex_forest_lined_room_, infiniplex_forest_lined_room_2,
          infiniplex_forest_lined_3_way, infiniplex_forest_corner_1,
          minmay_tetromino_s4
D:2:      layout_loops_corners, uniq_robin, uniq_jessica
D:3:      wad_pebble_path, layout_loops_ring, ebering_ghost_disaster_area
D:4:      layout_loops_cross, fedhas_altar_1, minmay_temple_entry_stoned_glass,
          uniq_edmund, uniq_natasha

Skill      XL: |  1  2  3 |
---------------+----------+-----
Necromancy     | 5 |  5.1
Fighting       | |  0.5
Short Blades   | |  0.7
Polearms       | |  0.3
Dodging        | |  2.6
Stealth        | |  3.4
Spellcasting   | |  2.8

Action                   |  1- 3 |  4- 6 || total
-------------------------+-------+-------++-------
Melee: Unarmed           |     6 |     1 ||     7
       Dagger            |    13 |       ||    13
       Punch             |     2 |       ||     2
       Bite              |     8 |     2 ||    10
       Spear             |    40 |    10 ||    50
Throw: Stone             |     3 |       ||     3
 Cast: Necrotise         |    27 |     8 ||    35
       Vampiric Draining |     1 |     2 ||     3
       Animate Dead      |       |     2 ||     2
 Abil: Exsanguinate      |     1 |     1 ||     2
       End Transformatio |       |     1 ||     1
       Bat Form          |       |     1 ||     1
       Revivify          |       |     1 ||     1
  Use: Scroll            |     1 |     1 ||     2
 Stab: Sleeping          |     3 |       ||     3
Armor: Robe              |    11 |       ||    11
       Leather armour    |     5 |    12 ||    17
Dodge: Dodged            |    60 |    15 ||    75
